 Dungeon Crawl Stone Soup version 0.23.1 (webtiles) character file.

Game seed: 18429696565301090582

3739 Hasart the Martial Artist (level 9, -4/77 (80) HPs)
             Began as a Green Draconian Monk on Mar 7, 2019.
             Was an Elder of Dithmenos.
             Slain by a wyvern (11 damage)
             ... on level 8 of the Dungeon.
             The game lasted 00:16:33 (9121 turns).

Hasart the Martial Artist (Green Draconian Monk)    Turns: 9121, Time: 00:16:34

HP:   -4/77 (80)    AC: 11    Str: 20    XL:     9   Next: 93%
MP:   12/12         EV: 16    Int: 11    God:    Dithmenos [****..]
Gold: 460           SH:  0    Dex: 15    Spells: 8/8 levels left

rFire    . . .     SeeInvis +     - Unarmed
rCold    . . .     Gourm    +   (no shield)
rNeg     . . .     Faith    .   (armour unavailable)
rPois    +         Spirit   .   (helmet restricted)
rElec    .         Reflect  .   n - +0 cloak
rCorr    +         Harm     .   q - +2 pair of gloves
MR       .....                  (no boots)
Stlth    ++++......             G - amulet of the gourmand
HPRegen  0.22/turn              r - ring of see invisible
MPRegen  0.13/turn              D - ring of resist corrosion

@: mighty, short of breath, wreathed by umbra
A: breathe noxious fumes, unfitting armour, horns 1, camouflage 1, poison
resistance, evolution 1, cold-blooded, AC +7
a: Breathe Noxious Fumes, Shadow Step, Renounce Religion


You were on level 8 of the Dungeon.
You worshipped Dithmenos.
Dithmenos was greatly pleased with you.
You were full.

You visited 1 branch of the dungeon, and saw 8 of its levels.

You collected 460 gold pieces.

Inventory:

Missiles
 B - 4 javelins (quivered)
 C - 3 throwing nets
Armour
 n - a +0 cloak (worn)
 q - a +2 pair of gloves (worn)
Jewellery
 r - a ring of see invisible (left hand)
 D - a ring of resist corrosion (right hand)
 G - an amulet of the gourmand (around neck)
Wands
 u - a wand of flame (28)
 F - a wand of digging (3)
Scrolls
 b - a scroll of remove curse
 d - a scroll of acquirement {unknown}
 g - 3 scrolls of amnesia
 h - 2 scrolls of magic mapping
 i - 6 scrolls of enchant armour
 l - a scroll of brand weapon {unknown}
 s - 9 scrolls of identify
 w - 3 scrolls of enchant weapon {unknown}
 x - 2 scrolls of immolation {unknown}
 y - 2 scrolls of blinking
Potions
 c - a potion of lignification {unknown}
 e - 2 potions of might
 f - a potion of berserk rage {unknown}
 j - 3 potions of mutation
 k - a potion of resistance {unknown}
 m - 3 potions of ambrosia {unknown}
 o - 3 potions of flight {unknown}
 p - 2 potions of curing {unknown}
 v - a potion of magic {unknown}
 z - 4 potions of degeneration {unknown}
 A - 3 potions of heal wounds {unknown}
 E - a potion of cancellation {unknown}
Comestibles
 a - 12 rations


   Skills:
 + Level 7.7 Fighting
 + Level 3.8 Throwing
 + Level 6.3 Dodging
 - Level 1.7 Stealth
 * Level 9.6 Unarmed Combat
 + Level 4.7 Invocations


You had 8 spell levels left.
You didn't know any spells.
Your spell library contained the following spells:

 Spells                   Type           Power        Failure   Level  Hunger
 Confusing Touch          Hex            #.....       34%         1    ##.....
 Confuse                  Hex            #.......     71%         3    ####...
 Gell's Gravitas          Tloc           #.........   71%         3    ####...
 Petrify                  Tmut/Erth      #.......     98%         4    #####..
 Metabolic Englaciation   Hex/Ice        #.........   100%        5    ######.
 Yara's Violent Unravell  Hex/Tmut       #.........   100%        5    ######.


Dungeon Overview and Level Annotations

Branches:
Dungeon (8/15)             Temple (0/1) D:6
   Lair: D:8-11

Altars:
Ashenzari
Cheibriados
Dithmenos
Elyvilon
Uskayaw
Wu Jian

Shops:
D:6 (

Annotations:
D:5 2 runed translucent doors, nuthulu's ghost, novice HOFi


Innate Abilities, Weirdness & Mutations

You can breathe blasts of noxious fumes.
Your lurid green scales are hard. (AC +7)
You cannot fit into any form of body armour.
Your system is resistant to poisons. (rPois)
You are cold-blooded and may be slowed by cold attacks.
You have a pair of small horns on your head.
Your skin changes colour to match your surroundings (Stealth+).
You evolve.


Message History

The water moccasin completely misses you.
The wyvern bites you! The orc wizard closely misses you.
The water moccasin misses you.
You pummel the water moccasin!!
You kill the water moccasin!
Dithmenos accepts your kill. The wyvern bites you!
* * * LOW HITPOINT WARNING * * *
The orc wizard hits you but does no damage.
The wyvern bites you!
* * * LOW HITPOINT WARNING * * *
You closely miss the wyvern. Your headbutt misses the wyvern.
Your tail-slap misses the wyvern.
Your shadow misses the wyvern. The wyvern closely misses you.
You punch the wyvern! You tail-slap the wyvern.
The wyvern is severely wounded.
The wyvern bites you.
* * * LOW HITPOINT WARNING * * *
The wyvern bites you!
You die...

#.#.#####.#### #.#.#####..# #
#.#.##.##(##.# #####..........###
#.#.'...(..).# #######.#####...#
#.#.##.##.##.# #######.# #.#.##
#.#.#####.############.# #.#..#
..#.####...# ..S#####.# #.....
....##[##.#####.######.########..
######.##.##.##.##(###.........#.
....##).........@lo###########.#.
######"##.##.##.##[######## #.#.
....#####.#####.# [######### #.#.
###.###....# ... ## #### #.#.
..#.######## ##.## ## #.#.
.##.######## #.# # #.##
......###### ... ## #...
....#....### #.# ## ###.
##..#..#.### #### #.


You could see a wyvern and an orc wizard.

Vanquished Creatures
  Pikel (D:8)
  A cyclops (D:8)
  Grinder (D:3)
  Eustachio (D:5)
  A yak (D:8)
  A vampire mosquito (D:8)
  A water moccasin (D:8)
  An ice beast (D:8)
  An orc warrior (D:7)
  4 ogres
  2 necrophages (D:7)
  A sky beast (D:8)
  A centaur (D:6)
  A big kobold (D:5)
  3 bullfrogs
  Dowan (D:6)
  4 scorpions
  A wight (D:8)
  A centaur zombie (D:8)
  A bullfrog zombie (D:8)
  3 crimson imps
  2 orc priests
  A hound (D:4)
  2 orc wizards
  Crazy Yiuf (D:6)
  4 worker ants
  A hound skeleton (D:7)
  A worker ant zombie (D:7)
  9 adders
  3 shadow imps
  2 adder skeletons
  3 worms
  4 dart slugs
  4 leopard geckos
  20 orcs
  3 ball pythons
  13 giant cockroaches
  6 hobgoblins
  2 jackals (D:4)
  2 quokkas
  3 bats
  8 frilled lizards
  8 goblins
  17 kobolds
  A leopard gecko skeleton (D:4)
  A leopard gecko zombie (D:6)
  A quokka skeleton (D:6)
  10 rats
164 creatures vanquished.

Vanquished Creatures (others)
  Duvessa (D:6)
1 creature vanquished.

Grand Total: 165 creatures vanquished

Notes
Turn   | Place    | Note
-------+----------+-------------------------------------------
     0 | D:1      | Hasart the Draconian Monk began the quest for the Orb.
     0 | D:1      | Reached XP level 1. HP: 19/19 MP: 1/1
   186 | D:1      | Reached XP level 2. HP: 4/26 MP: 2/2
  1011 | D:2      | Reached XP level 3. HP: 28/31 MP: 3/3
  1417 | D:2      | Found a shadowy altar of Dithmenos.
  1445 | D:2      | Reached skill level 4 in Unarmed Combat
  1669 | D:2      | Became a worshipper of Dithmenos the Shadowed
  1669 | D:2      | Reached * piety under Dithmenos
  1669 | D:2      | Reached ** piety under Dithmenos
  1781 | D:2      | Reached XP level 4. HP: 32/40 MP: 4/4
  2315 | D:3      | Found a snail-covered altar of Cheibriados.
  2315 | D:3      | Found a hide-covered altar of Uskayaw.
  2317 | D:3      | Found a white marble altar of Elyvilon.
  2330 | D:3      | Noticed a bullfrog
  2358 | D:3      | Killed a bullfrog
  2358 | D:3      | Reached XP level 5. HP: 36/46 MP: 5/5
  2841 | D:3      | Noticed Grinder
  2856 | D:3      | HP: 1/47 [Grinder/nerve-wracking pain (12)]
  2859 | D:3      | Killed Grinder
  2859 | D:3      | Reached skill level 5 in Unarmed Combat
  2859 | D:3      | Reached XP level 6. HP: 1/55 MP: 6/6
  3177 | D:3      | Reached *** piety under Dithmenos
  3280 | D:3      | Found an ornate altar of the Wu Jian Council.
  3760 | D:4      | Reached skill level 5 in Fighting
  3899 | D:4      | Reached skill level 6 in Unarmed Combat
  3899 | D:4      | Your scales start taking on a lurid green colour.
  3899 | D:4      | Reached XP level 7. HP: 19/61 MP: 7/7
  3899 | D:4      | Gained mutation: Your system is resistant to poisons.
                  | (rPois) [Green Draconian growth]
  5098 | D:5      | Entered Level 5 of the Dungeon
  5098 | D:5      | Noticed Eustachio
  5118 | D:5      | Killed Eustachio
  5118 | D:5      | Reached skill level 7 in Unarmed Combat
  5512 | D:5      | Reached skill level 5 in Dodging
  5512 | D:5      | Reached XP level 8. HP: 62/70 MP: 8/8
  5626 | D:5      | Reached skill level 1 in Invocations
  5780 | D:5      | Reached skill level 1 in Throwing
  5791 | D:5      | Reached **** piety under Dithmenos
  5872 | D:5      | Found a large runed translucent door.
  5873 | D:5      | Found a large runed translucent door.
  5875 | D:5      | Noticed nuthulu's ghost (novice HOFi)
  6282 | D:6      | Noticed Dowan
  6284 | D:6      | Noticed Duvessa
  6305 | D:6      | Killed Duvessa
  6309 | D:6      | Killed Dowan
  6390 | D:6      | Found a staircase to the Ecumenical Temple.
  6515 | D:6      | Found Yteigg's Weapon Shop.
  6596 | D:6      | Found a shattered altar of Ashenzari.
  7100 | D:6      | Found a runed translucent door.
  7101 | D:6      | Noticed Crazy Yiuf
  7113 | D:6      | Killed Crazy Yiuf
  7224 | D:7      | Reached skill level 8 in Unarmed Combat
  7789 | D:7      | Reached XP level 9. HP: 75/76 MP: 11/11
  8557 | D:8      | Noticed Pikel
  8578 | D:8      | Killed Pikel
  8578 | D:8      | Reached skill level 9 in Unarmed Combat
  8873 | D:8      | Gained mutation: Your skin changes colour to match your
                  | surroundings (Stealth+). [potion of mutation]
  8873 | D:8      | Gained mutation: You evolve. [potion of mutation]
  8873 | D:8      | Gained mutation: You have a pair of small horns on your
                  | head. [potion of mutation]
  9096 | D:8      | Noticed a cyclops
  9108 | D:8      | Killed a cyclops
  9121 | D:8      | Slain by a wyvern

Skill      XL: |  1  2  3  4  5  6  7  8  9 |
---------------+----------------------------+-----
Dodging        | 3 4 5 6 |  6.3
Unarmed Combat | 4 5 6 7 8 9 |  9.6
Fighting       | 4 5 6 7 |  7.7
Invocations    | 2 4 |  4.7
Throwing       | 2 3 |  3.8
Stealth        | |  1.7

Action                   |  1- 3 |  4- 6 |  7- 9 || total
-------------------------+-------+-------+-------++-------
Melee: Unarmed           |   120 |   214 |   415 ||   749
       Tailslap          |    13 |    33 |    67 ||   113
       Punch             |     2 |     7 |    14 ||    23
       Headbutt          |       |       |     6 ||     6
 Abil: Breathe Noxious F |       |       |     5 ||     5
  Use: Potion            |       |     1 |     2 ||     3
       Scroll            |       |       |    11 ||    11
 Stab: Sleeping          |     4 |     5 |    11 ||    20
       Confused          |       |       |     4 ||     4
       Distracted        |       |       |     1 ||     1
  Eat: Chunk             |     2 |     8 |    23 ||    33
Armor: Skin              |    30 |    47 |   105 ||   182
Dodge: Dodged            |    77 |   152 |   354 ||   583
